 Dungeon Crawl Stone Soup version 0.19.5 (webtiles) character file.

279 Trixie the Stinger (level 6, 0/28 HPs)
             Began as a Spriggan Venom Mage on Mar 15, 2017.
             Was an Initiate of Vehumet.
             Slain by a water moccasin (3 damage)
             ... on level 7 of the Dungeon.
             The game lasted 00:14:38 (5177 turns).

Trixie the Stinger (Spriggan Venom Mage)            Turns: 5177, Time: 00:14:38

Health: 0/28       AC:  2    Str:  4    XL:     6   Next: 5%
Magic:  12/12      EV: 18    Int: 18    God:    Vehumet [......]
Gold:   222        SH:  0    Dex: 17    Spells: 2 memorised, 8 levels left

rFire  . . .     SeeInvis +     (weapon restricted)
rCold  . . .     Gourm    .     a - +0 robe
rNeg   . . .     Faith    .     (shield restricted)
rPois  .         Spirit   .     (helmet restricted)
rElec  .         Reflect  .     (no cloak)
rCorr  .         Harm     .     (gloves unavailable)
MR     +....                    (boots unavailable)
Stlth  ++........               (no amulet)
                                (no ring)
                                (no ring)

@: very quick
A: unfitting armour, see invisible, herbivore 3, speed 3, slow metabolism 2
a: Renounce Religion


You were on level 7 of the Dungeon.
You worshipped Vehumet.
Vehumet was noncommittal.
You were full.

You visited 2 branches of the dungeon, and saw 8 of its levels.

You collected 222 gold pieces.

Inventory:

Armour
 a - a +0 robe (worn)
Jewellery
 d - an uncursed ring of protection from magic
Wands
 i - a wand of digging (15/24)
Scrolls
 g - a scroll of identify
 k - a scroll of recharging {unknown}
 m - a scroll of immolation {unknown}
Potions
 e - 2 potions of might {unknown}
 f - a potion of heal wounds {unknown}
 h - a potion of cure mutation {unknown}
 j - 2 potions of curing {unknown}
 l - a potion of haste {unknown}
Books
 b - a Young Poisoner's Handbook

   Spells                             Type                      Level
   a - Sting                          Conjuration/Poison           1
   b - Mephitic Cloud                 Conjuration/Poison/Air       3
   c - Olgreb's Toxic Radiance        Poison                       4
   d - Alistair's Intoxication        Transmutation/Poison         5
   e - Venom Bolt                     Conjuration/Poison           5
 n - a book of Misfortune

   Spells                             Type                      Level
   a - Confusing Touch                Hexes                        1
   b - Confuse                        Hexes                        3
   c - Gell's Gravitas                Hexes/Translocation          3
   d - Petrify                        Transmutation/Earth          4
   e - Metabolic Englaciation         Hexes/Ice                    5
   f - Yara's Violent Unravelling     Hexes/Transmutation          5
Comestibles
 c - 3 bread rations


   Skills:
 - Level 3.1 Dodging
 - Level 3.0 Stealth
 - Level 0.1 Unarmed Combat
 + Level 3.7 Spellcasting
 + Level 0.5 Conjurations
 - Level 0.1 Air Magic
 - Level 6.8 Poison Magic


You had 8 spell levels left.
You knew the following spells:

 Your Spells              Type           Power        Failure   Level  Hunger
a - Sting                 Conj/Pois      ###.         3%          1    None
b - Mephitic Cloud        Conj/Pois/Air  ##......     21%         3    ###....


Dungeon Overview and Level Annotations

Branches:
Dungeon (7/15)             Temple (1/1) D:6

Altars:
Ashenzari
Cheibriados
Dithmenos
Fedhas
Gozag
Kikubaaqudgha
Makhleb
Qazlal
Trog
Uskayaw
Vehumet
Xom
Yredelemnul
Zin
The Shining One

Annotations:
D:3 Purgy
D:4 Britaniac's ghost, amateur GrFi; Dowan; Duvessa


Innate Abilities, Weirdness & Mutations

You are very small and have problems with some larger weapons.
You are too small for most types of armour.
You have supernaturally acute eyesight. (SInv)
You are a herbivore.
You cover ground extremely quickly.
You need consume almost no food.


Message History

Found a stormy altar of Qazlal.
d - an encrusted coral ring
As you read the scroll of identify, it crumbles to dust.
d - an uncursed ring of protection from magic You enter a teleport trap!
The teleport trap disappears.
Your surroundings suddenly seem different.
A water moccasin, 2 orcs and an orc warrior come into view.
The orc shouts!
You hear a shout!
Found an amethyst potion.
You hit the orc warrior but do no damage.
The orc warrior completely misses you.
An orc comes into view. It is wielding a whip.
You hit the orc warrior but do no damage.
The orc warrior hits you with a battleaxe!!
Ouch! That really hurt!
* * * LOW HITPOINT WARNING * * *
The water moccasin bites you.
* * * LOW HITPOINT WARNING * * *
The water moccasin bites you.
You die...

.... #.
.... #.
..... #.
..... #.
......
#.###....!.
#.#o.......
#.#oo......
#.@S.......
#..........
#..........
#o.........
#.####.....
.. .....
... .####
...


You could see an orc warrior, a water moccasin and 3 orcs.

Vanquished Creatures
  An ogre (D:5)
  Blork the orc (D:4)
  A worker ant (D:5)
  2 adders
  2 oozes
  A worm (D:5)
  2 dart slugs
  4 leopard geckos
  An orc (D:3)
  A ball python (D:3)
  3 giant cockroaches
  4 goblins
  2 hobgoblins
  6 jackals
  2 quokkas
  14 bats
  6 frilled lizards
  7 kobolds
  8 rats
68 creatures vanquished.

Vanquished Creatures (others)
  3 fungi (D:5)
3 creatures vanquished.

Grand Total: 71 creatures vanquished

Notes
Turn   | Place    | Note
-------+----------+-------------------------------------------
     0 | D:1      | Trixie the Spriggan Venom Mage began the quest for the Orb.
     0 | D:1      | Reached XP level 1. HP: 9/9 MP: 5/5
   106 | D:1      | Reached XP level 2. HP: 13/13 MP: 0/6
   993 | D:2      | Reached XP level 3. HP: 14/16 MP: 0/8
  1759 | D:3      | Learned a level 3 spell: Mephitic Cloud
  1773 | D:3      | Reached skill level 5 in Poison Magic
  1789 | D:3      | Noticed Purgy
  2132 | D:4      | Found a bloodstained altar of Trog.
  2133 | D:4      | Noticed Duvessa
  2133 | D:4      | Noticed Dowan
  2416 | D:3      | Reached XP level 4. HP: 21/21 MP: 8/10
  2942 | D:4      | Noticed Blork the orc
  2973 | D:4      | Killed Blork the orc
  2973 | D:4      | Reached skill level 6 in Poison Magic
  2973 | D:4      | Reached XP level 5. HP: 17/24 MP: 0/11
  3373 | D:4      | Found a bloodstained altar of Trog.
  3417 | D:4      | Noticed Britaniac's ghost (amateur GrFi)
  3463 | D:5      | Entered Level 5 of the Dungeon
  3498 | D:5      | Noticed an ogre
  3521 | D:5      | Killed an ogre
  4034 | D:6      | Found a shattered altar of Ashenzari.
  4035 | D:6      | Found a glowing golden altar of the Shining One.
  4036 | D:6      | Found a staircase to the Ecumenical Temple.
  4041 | D:6      | Found a snail-covered altar of Cheibriados.
  4048 | Temple   | Entered the Ecumenical Temple
  4139 | Temple   | Became a worshipper of Vehumet
  4338 | D:6      | Found a hide-covered altar of Uskayaw.
  4338 | D:6      | Noticed a dagger
  4339 | D:6      | Noticed an enchanted hand axe
  4361 | D:6      | Noticed a phantom
  4417 | D:5      | Found a burning altar of Makhleb.
  4539 | D:5      | Reached XP level 6. HP: 9/28 MP: 3/12
  5147 | D:7      | Found a stormy altar of Qazlal.
  5174 | D:7      | Noticed a water moccasin
  5174 | D:7      | Noticed an orc warrior
  5177 | D:7      | Slain by a water moccasin

Skill      XL: |  1  2  3  4 |
---------------+-------------+-----
Spellcasting   | 3 |  3.7
Poison Magic   | 5 6 |  6.8
Dodging        | |  3.1
Stealth        | |  3.0
Unarmed Combat | |  0.1
Conjurations   | |  0.5
Air Magic      | |  0.1

Action                   |  1- 3 |  4- 6 || total
-------------------------+-------+-------++-------
Melee: Unarmed           |     7 |     7 ||    14
 Cast: Sting             |   114 |   123 ||   237
       Mephitic Cloud    |     1 |     1 ||     2
  Use: Scroll            |       |     3 ||     3
  Eat: Bread ration      |       |     1 ||     1
Armor: Robe              |    12 |     4 ||    16
Dodge: Dodged            |    61 |    46 ||   107
